 Dungeon Sprint DCSS version 0.27.0-1-g7a089689b8 (webtiles) character file.

Game seed: 8480987349760290975

121 styxcanada the Covert (level 4, -3/23 HPs)
             Began as a Spriggan Brigand on Aug 17, 2021.
             Slain by a shadow (10 damage)
             ... in the Dungeon (Sprint III: "The Ten Rune Challenge").
             The game lasted 00:02:20 (148 turns).

styxcanada the Covert (Spriggan Brigand)             Turns: 148, Time: 00:02:21

Health: -3/23      AC:  7    Str:  7    XL:     4   Next: 77%
Magic:  5/5        EV: 19    Int: 12    God:
Gold:   26         SH:  0    Dex: 17    Spells: 3/3 levels left

rFire    . . .     SeeInvis +   a - +2 dagger
rCold    . . .     Faith    .   (shield restricted)
rNeg     . . .     Spirit   .   m - +2 robe {Will+}
rPois    .         Reflect  .   (helmet restricted)
rElec    .         Harm     .   c - +0 cloak
rCorr    .         Rampage  .   (gloves unavailable)
Will     +....     NoTele   +   (boots unavailable)
Stlth    +++++.....             (no amulet)
HPRegen  0.07/turn              (no ring)
MPRegen  0.09/turn              (no ring)

@: very quick
A: very small, no large weapons, unfitting armour, see invisible, speed 3,
talons 1, iridescent scales 1, mutation resistance 1
a: no special abilities


You were in the Dungeon.
You visited 1 branch You collected 26 gold pieces.

Inventory:

Hand Weapons
 a - a +2 dagger (weapon)
Missiles
 d - 4 poisoned darts (quivered)
 e - 2 curare-tipped darts
Armour
 c - a +0 cloak (worn)
 m - a +2 robe of willpower (worn)
Wands
 l - a wand of flame (18)
Scrolls
 b - a scroll of torment {unknown}
 k - a scroll of blinking
 n - a scroll of amnesia {unknown}
 p - 3 scrolls of immolation {unknown}
 q - a scroll of identify {unknown}
Potions
 f - a potion of curing
 g - a potion of heal wounds
 h - 2 potions of haste
 i - 2 potions of magic
 j - a potion of berserk rage
 o - 2 potions of flight
 r - 4 potions of mutation


   Skills:
 * Level 2.8 Fighting
 + Level 3.2 Short Blades
 + Level 2.5 Throwing
 * Level 4.3 Dodging
 * Level 13.1 Stealth


You had 3 spell levels left.
You didn't know any spells.
Your spell library was empty.

Dungeon Overview and Level Annotations

Branches:
Dungeon (1/1)

Altars:


Innate Abilities, Weirdness & Mutations

You are very small and have problems with some larger weapons.
You are too small for most types of armour.
You have supernaturally acute eyesight. (SInv)
You cover ground extremely quickly. (Speed+++)
You have sharp toenails.
You are partially covered in iridescent scales. (AC +2)
You are somewhat resistant to further mutation.


Message History

The shadow flickers and vanishes for a moment.
Throw: 7 darts (poison)
Press: ? - help, Q - select action, (/) - cycle Shift-Dir - straight line, f/p - jelly
Aim: a jelly (90% to hit)
You throw a poisoned dart. The poisoned dart hits the jelly.
The jelly is poisoned.
There is an open door to the Ecumenical Temple here.
You hit the shadow. Your kick misses the shadow.
The shadow is lightly damaged.
The shadow barely misses you.
You hit the shadow but do no damage. Your kick misses the shadow.
The shadow is lightly damaged.
The shadow barely misses you.
Throw: 6 darts (poison)
Press: ? - help, Q - select action, (/) - cycle Shift-Dir - straight line, f/p - jelly
Aim: a jelly (moderately wounded, poisoned, 90% to hit)
You throw a poisoned dart. The poisoned dart hits the jelly!
The jelly is moderately wounded.
The jelly looks more healthy.
Throw: 5 darts (poison)
Press: ? - help, Q - select action, (/) - cycle Shift-Dir - straight line, f/p - jelly
Aim: a jelly (heavily wounded, 90% to hit)
You throw a poisoned dart. The poisoned dart hits the jelly.
The jelly is poisoned.
The jelly is heavily wounded.
Throw: 4 darts (poison)
Press: ? - help, Q - select action, (/) - cycle Shift-Dir - straight line, f/p - jelly
Aim: a jelly (severely wounded, poisoned, 90% to hit)
Okay, then.
You hit the shadow but do no damage.
The jelly looks more healthy.
The shadow misses you.
You hit the shadow but do no damage. The shadow hits you!
You barely miss the shadow. You hit the shadow but do no damage.
The shadow hits you.
You hit the shadow but do no damage. Your kick misses the shadow.
The shadow closely misses you.
You hit the shadow but do no damage. Your kick misses the shadow.
The shadow barely misses you.
You hit the shadow but do no damage. The shadow hits you!
You die...

▓.....#....≈♣♣♣♣♣.###+
▓.....#...≈≈.♣.♣..#...
▓....[#..≈≈≈≈..♣..(.⌠.
▓####'#..≈≈≈≈≈≈♣♣.#...
▓(....#.≈≈≈≈≈≈....#.⌠.
▓.[.†.#.≈≈≈≈≈..(..#...
▓.....#.≈≈≈.......#+##
▓'#####...........#
▓....@WJ..........#
▓▓▓▓▓▓▓▓▓▓▓▓▓▓▓▓▓▓▓


You could see a shadow and a jelly.

Vanquished Creatures
  A water elemental (D)
  Jessica (D)
  A human (D)
  A wolf (D)
  2 endoplasms (D)
  A rat (D)
7 creatures vanquished.

Notes
Turn   | Place    | Note
-------+----------+-------------------------------------------
     0 | D        | styxcanada the Spriggan Brigand began the quest for the
                  | Orb.
     0 | D        | Reached XP level 1. HP: 10/10 MP: 2/2
     5 | D        | Reached skill level 6 in Stealth
     9 | D        | Reached skill level 7 in Stealth
    12 | D        | Noticed Jessica
    16 | D        | Killed Jessica
    17 | D        | Reached skill level 9 in Stealth
    17 | D        | Reached XP level 2. HP: 15/15 MP: 3/3
    17 | D        | Reached XP level 3. HP: 18/18 MP: 4/4
    48 | D        | Reached skill level 10 in Stealth
    63 | D        | Reached skill level 11 in Stealth
    77 | D        | Gained mutation: You have sharp toenails. [potion of
                  | mutation]
    77 | D        | Gained mutation: You are partially covered in iridescent
                  | scales. (AC +2) [potion of mutation]
    77 | D        | Gained mutation: You are somewhat resistant to further
                  | mutation. [potion of mutation]
    92 | D        | Noticed a water elemental
    95 | D        | Killed a water elemental
    96 | D        | Reached skill level 13 in Stealth
    96 | D        | Reached XP level 4. HP: 23/23 MP: 5/5
   106 | D        | Noticed a shadow
   148 | D        | Slain by a shadow

Illustrated notes

Levels and vault maps discovered:
D:        dungeon_sprint_mu [sprint_mu_entry_forest, sprint_mu_temple_rooms,
          sprint_mu_d1_horrors, sprint_mu_d2_genie, sprint_mu_d3_branching,
          sprint_mu_orc_legion, sprint_mu_elf_gauntlet, sprint_mu_hive_nellie,
          sprint_mu_lair_fedhas, sprint_mu_vaults_butterflies,
          sprint_mu_slime_circle, sprint_mu_shoals_archi,
          sprint_mu_snake_twists, sprint_mu_blade_basic,
          sprint_mu_crypt_fortress, sprint_mu_tomb_spiral,
          sprint_mu_vestibule_basic, sprint_mu_gehenna_hellfire,
          sprint_mu_dis_giant, sprint_mu_tartarus_statrot,
          sprint_mu_cocytus_islands, sprint_mu_zot1]

Skill      XL: |  1  2  3 |
---------------+----------+-----
Stealth        | 9 13 | 13.1
Fighting       | 2 |  2.8
Dodging        | 2 4 |  4.3
Short Blades   | 3 |  3.2
Throwing       | |  2.5

Action                   |  1- 3 |  4- 6 || total
-------------------------+-------+-------++-------
Melee: Dagger            |     7 |    12 ||    19
       Kick              |       |     1 ||     1
Throw: Dart              |       |     4 ||     4
  Use: Potion            |     1 |       ||     1
 Stab: Sleeping          |     7 |       ||     7
Dodge: Dodged            |       |     6 ||     6
